 Dungeon Crawl Stone Soup version 0.31.0-9-g3a7656b989 (webtiles) character file.

Game seed: 459208217442529745

257 Peloso the Covered (level 5, -1/47 HPs)
             Began as a Minotaur Fighter on Jan 27, 2024.
             Incinerated by a bombardier beetle (4 damage)
             ... with a burning spray
             ... on level 3 of the Dungeon.
             The game lasted 00:04:03 (2119 turns).

Peloso the Covered (Minotaur Fighter)               Turns: 2119, Time: 00:04:03

Health: -1/47      AC:  7    Str: 21    XL:     5   Next: 93%
Magic:  4/4        EV: 10    Int:  5    God:
Gold:   183        SH:  5    Dex: 11    Spells: 4/4 levels left

rFire   . . .        a - +0 long sword
rCold   . . .        c - +0 buckler
rNeg    . . .        b - +0 scale mail
rPois   .            (helmet restricted)
rElec   .            (no cloak)
rCorr   .            (no gloves)
SInv    .            (no boots)
Will    .....        (no amulet) Stlth
                     (no ring)
HPRegen 0.27/turn    (no ring)
MPRegen 0.09/turn

%: no passive effects
@: on fire, glowing
A: horns 2, retaliatory headbutt
a: no special abilities


You were on level 3 of the Dungeon.
You visited 1 branch of the dungeon, and saw 3 of its levels.
You also visited: Sewer.

You collected 183 gold pieces.

Inventory:

Hand Weapons
 a - a +0 long sword (weapon)
Armour
 b - a +0 scale mail (worn)
 c - a +0 buckler (worn)
Jewellery
 q - an amulet of magic regeneration
Scrolls
 e - a scroll of enchant armour {unknown}
 f - a scroll of teleportation {unknown}
 h - a scroll of butterflies {unknown}
 k - a scroll of immolation {unknown}
 l - 2 scrolls of identify {unknown}
 m - a scroll of revelation {unknown}
 n - a scroll of poison {unknown}
 o - a scroll of fear {unknown}
 p - a scroll of blinking {unknown}
Potions
 d - 2 potions of might
 g - 2 potions of mutation
 i - a potion of heal wounds {unknown}
 j - 2 potions of enlightenment
 r - a potion of curing {unknown}


   Skills:
 + Level 4.5 Fighting
 + Level 4.9 Long Blades
 + Level 5.0 Armour
 + Level 1.8 Dodging
 + Level 4.4 Shields


You had 4 spell levels left.
You didn't know any spells.
Your spell library was empty.

Dungeon Overview and Level Annotations

Branches:
Dungeon (3/15)              Sewer (visited)

Altars:


Innate Abilities, Weirdness & Mutations

You have a pair of horns on your head.
You reflexively headbutt those who attack you in melee.


Message History

The bombardier beetle is moderately wounded.
The liquid fire burns you! You block the frilled lizard's attack.
The bombardier beetle bites you but does no damage.
The frilled lizard bites you but does no damage.
You completely miss the bombardier beetle.
You headbutt the bombardier beetle, but do no damage.
The bombardier beetle is moderately wounded.
The liquid fire burns you! You block the frilled lizard's attack.
The bombardier beetle waves its antennae.
The bombardier beetle sprays incendiary fluid at you.
The burning spray hits you.
You are even more covered in liquid fire!
You closely miss the bombardier beetle. You headbutt the bombardier beetle!
The bombardier beetle is almost dead.
The liquid fire burns you! You block the frilled lizard's attack.
Unknown command.
You hit the bombardier beetle.
You kill the bombardier beetle!
The liquid fire burns you!
The frilled lizard bites you but does no damage.
The frilled lizard completely misses you.
Unknown command.
You shake off some of the fire as you move.
The liquid fire burns you!
* * * LOW HITPOINT WARNING * * *
Unknown command.
You shake off some of the fire as you move.
The liquid fire burns you!
* * * LOW HITPOINT WARNING * * *
You hit the frilled lizard but do no damage.
You headbutt the frilled lizard.
You kill the frilled lizard!
The liquid fire burns you!
* * * LOW HITPOINT WARNING * * *
You shake off some of the fire as you move.
The liquid fire burns you!
You die...

# ####### ##....# ##....#
##....# ##....# #####
......# #...
......######.###########.
.............>..@..).....
##....######..###########
###### #..# #..# #l.#
#### #..# ...# #..# ...+
...# ...#


There were no monsters in sight!

Vanquished Creatures
  A brain worm (Sewer)
  A bombardier beetle (D:3)
  3 river rats (Sewer)
  4 adders
  9 ribbon worms
  7 bats
  3 endoplasms
  5 giant cockroaches
  4 goblins
  4 hobgoblins (D:1)
  11 jackals
  4 quokkas
  8 ball pythons
  6 frilled lizards
  3 kobolds
  A rat (D:3)
74 creatures vanquished.

Notes
Turn   | Place    | Note
-------+----------+-------------------------------------------
     0 | D:1      | Peloso the Minotaur Fighter began the quest for the Orb.
     0 | D:1      | Reached XP level 1. HP: 19/19 MP: 0/0
   184 | D:1      | Reached XP level 2. HP: 21/27 MP: 1/1
   286 | D:1      | Reached skill level 4 in Armour
   918 | D:2      | Reached XP level 3. HP: 33/33 MP: 2/2
  1059 | D:2      | You fall into a shaft and drop 1 floor!
  1061 | D:3      | Found a glowing drain.
  1099 | Sewer    | Entered a sewer
  1197 | Sewer    | Reached XP level 4. HP: 40/40 MP: 3/3
  1368 | Sewer    | Noticed a brain worm
  1373 | Sewer    | Killed a brain worm
  1374 | Sewer    | Reached skill level 1 in Dodging
  1374 | Sewer    | Reached XP level 5. HP: 30/47 MP: 1/4
  1698 | Sewer    | Reached skill level 5 in Armour
  2118 | D:3      | HP: 2/47 [burnt (2)]
  2119 | D:3      | Incinerated by a bombardier beetle

Illustrated notes

Levels and vault maps discovered:
D:1:      lemuel_arrival_tunnels, layout_basic, amethyst_killhole,
          minmay_misc_feat_diagonals
D:2:      layout_basic, st_stairs_14, minmay_misc_feat_encased
D:3:      layout_basic, cheibrodos_sewer_entry_drain

Skill      XL: |  1  2  3  4  5 |
---------------+----------------+-----
Armour         | 4 5 |  5.0
Shields        | 4 |  4.4
Fighting       | 4 |  4.5
Long Blades    | 3 4 |  4.9
Dodging        | 1 |  1.8

Action                     |  1- 3 |  4- 6 || total
---------------------------+-------+-------++-------
  Melee: Long sword        |   109 |   102 ||   211
         Headbutt          |    14 |    17 ||    31
    Use: Potion            |     1 |       ||     1
 Armour: Scale mail        |    81 |    83 ||   164
  Dodge: Dodged            |    50 |    64 ||   114
  Block: Buckler           |    40 |    28 ||    68
